 Dungeon Crawl Stone Soup version 0.31-a0-844-gdc52ec4e09 (webtiles) character file.

Game seed: 17328632853577554691

3607 TheScarfBastard the Cleaver (level 9, -2/118 HPs)
             Began as a Yellow Draconian Berserker on Sept 30, 2023.
             Was a Priest of Trog.
             Slain by an ice devil (22 damage)
             ... summoned by a kobold demonologist
             ... in a bailey.
             The game lasted 00:18:53 (5898 turns).

TheScarfBastard the Cleaver (DrBe)                  Turns: 5898, Time: 00:18:54

Health: -2/118     AC: 14    Str: 23    XL:     9   Next: 86%
Magic:  9/9        EV: 13    Int:  9    God:    Trog [***...]
Gold:   52         SH:  0    Dex: 10    Spells: 8/8 levels left

rFire   . . .        B - +0 battleaxe
rCold   . . .        (shield currently unavailable)
rNeg    . . .        (body armour unavailable)
rPois   .            (helmet restricted)
rElec   .            h - +1 cloak
rCorr   +            u - +2 pair of gloves
SInv    .            b - +1 pair of boots
Will    .....        (no amulet) Stlth
                     v - ring of flight
HPRegen 0.39/turn    q - +4 ring of slaying
MPRegen 0.11/turn

%: no passive effects
@: berserking, flying, slowed
A: spit acid, AC +7, unfitting armour, cold-blooded, acid resistance
a: Breathe Acid, Renounce Religion, Berserk, Trog's Hand


You were in a bailey.
You worshipped Trog.
Trog was most pleased with you.
You visited 1 branch of the dungeon, and saw 8 of its levels.
You also visited: Bailey.

You collected 458 gold pieces.
You spent 406 gold pieces at shops.

Inventory:

Hand Weapons
 a - a +0 hand axe
 c - a +0 vampiric whip
 t - a +1 war axe
 A - a +2 trident of draining
 B - a +0 battleaxe (weapon)
Armour
 b - a +1 pair of boots (worn)
 h - a +1 cloak (worn)
 i - a +0 pair of gloves
 u - a +2 pair of gloves (worn)
Jewellery
 p - a ring of protection from cold
 q - a +4 ring of slaying (right hand)
 v - a ring of flight (left hand)
Talismans
 x - a maw talisman
Wands
 y - a wand of digging (7)
 C - a wand of polymorph (10)
Scrolls
 d - 4 scrolls of poison
 j - 2 scrolls of torment
 m - a scroll of revelation
 o - a scroll of immolation
 s - a scroll of teleportation
 z - 2 scrolls of fear
 D - a scroll of noise
Potions
 e - 3 potions of curing
 f - a potion of haste {unknown}
 g - a potion of resistance
 k - a potion of lignification
 l - 2 potions of attraction
 n - a potion of degeneration {unknown}
 r - a potion of ambrosia {unknown}
 w - a potion of mutation {unknown}


   Skills:
 + Level 7.3 Fighting
 + Level 10.6 Axes
 + Level 6.5 Dodging
 + Level 4.0 Stealth
 + Level 1.5 Unarmed Combat


You had 8 spell levels left.
You didn't know any spells.
Your spell library was empty.

Dungeon Overview and Level Annotations

Branches:
Dungeon (8/15)             Temple (0/1) D:7          Bailey (1/1)
   Lair: D:8-11

Altars:
Elyvilon
Fedhas
Qazlal
Sif Muna
Vehumet
Wu Jian

Shops:
D:1 *   D:2 [   D:3 [   D:4 ((=   D:7 ?

Annotations:
D:3 exclusion: statue


Innate Abilities, Weirdness & Mutations

You can spit globs of acid.
Your golden yellow scales are hard. (AC +7)
You cannot fit into any form of body armour.
You are cold-blooded and may be slowed by cold attacks.
You are resistant to acid. (rCorr)


Message History

Something appears at your feet!
A kobold demonologist comes into view. It is wielding a +0 war axe.
Found a gate leading back out of this place.
Found a bubbling pink potion and 2 scrolls of enchant weapon.
The kobold demonologist gestures wildly while chanting.
Found a scroll labelled QOAPAZ NUFAGO and a bubbling orange potion.
The kobold demonologist mumbles some strange words.
The ice devil hits you. The ice devil freezes you!
You feel yourself slow down.
A red film seems to cover your vision as you go berserk!
You feel yourself moving faster!
You feel mighty!
You can no longer call in reinforcements.
The ufetubus barely misses you. The ufetubus misses you.
The ice devil misses you. The ufetubus closely misses you.
The ufetubus barely misses you.
You barely miss the ufetubus. You hit the ice devil.
You closely miss the white imp.
You feel yourself speed up. The ufetubus barely misses you.
The ufetubus hits you but does no damage.
The white imp gestures at you. The puff of frost hits you.
The ice devil hits you! The ice devil freezes you!
You feel yourself slow down.
You barely miss the white imp. You barely miss the ice devil.
You hit the white imp.
The white imp grins evilly.
The white imp hits you. The white imp freezes you.
You feel as though you will be slow longer.
The ice devil hits you. The ice devil freezes you!!
* * * LOW HITPOINT WARNING * * *
You slice the white imp!!
You kill the white imp!
The white imp disappears in a puff of smoke!
You slash the ice devil! You slash the white imp!
You kill the white imp!
The white imp disappears in a puff of smoke!
The ice devil closely misses you. The ice devil hits you!
* * * LOW HITPOINT WARNING * * *
The ice devil freezes you!!
You feel as though you will be slow longer.
You die...

#.~≈≈≈≈≈≈≈≈#
#.~≈≈≈≈≈≈≈≈#
#.~≈≈≈≈≈≈≈≈#
#.~≈≈≈≈≈≈≈≈#
###+##+#'#≈≈≈≈≈≈≈≈#
#.?!#....#≈≈≈≈≈≈≈≈#
#.!?#....#≈≈≈≈≈≈≈S#
###.######..###≈≈≈≈≈≈
...∩.K5@...)'.# ≈≈≈≈≈
~~~~~~4§~###### ≈≈≈≈
≈≈≈≈≈≈≈≈≈≈≈
≈≈≈≈≈≈≈≈≈≈≈≈≈
≈≈≈≈≈≈≈≈≈≈≈≈≈≈≈
≈≈≈≈≈≈≈≈≈≈≈≈≈≈≈
≈≈≈≈≈≈≈≈≈≈≈≈≈≈≈
###############


You could see an ice devil (summoned), a kobold demonologist and an ufetubus
(summoned).

Vanquished Creatures
  Pikel (D:7)
  Joseph (D:7)
  Jeremiah (D:7)
  A kobold demonologist (D:6)
  2 steam dragons
  An ice beast (D:7)
  2 orc warriors
  3 sky beasts
  An ogre (D:5)
  A centaur (D:7)
  A lemure (D:7)
  A phantom (D:6)
  2 kobold brigands
  A scorpion (D:7)
  3 wights (D:7)
  A water moccasin skeleton (D:4)
  4 killer bees (D:8)
  2 electric eels (Bailey)
  3 jellies
  2 hounds
  2 orc priests (D:4)
  A centaur skeleton (D:4)
  2 sleepcaps
  Jessica (D:3)
  2 iguanas
  4 orc wizards
  9 adders
  4 gnolls (D:6)
  A shadow imp (D:7)
  An ufetubus (D:7)
  An adder zombie (D:4)
  3 worms
  2 dart slugs (D:1)
  12 orcs
  2 endoplasms
  6 giant cockroaches
  6 hobgoblins
  2 jackals (D:1)
  10 kobolds
  5 quokkas
  7 ball pythons
  3 bats
  6 frilled lizards
  4 goblins
  5 rats
135 creatures vanquished.

Vanquished Creatures (others)
  A lemure (D:7)
  A wight (D:7)
  A hound (D:7)
  A kobold (D:7)
4 creatures vanquished.

Grand Total: 139 creatures vanquished

Notes
Turn   | Place    | Note
-------+----------+-------------------------------------------
     0 | D:1      | TheScarfBastard the Draconian Berserker began the quest for
                  | the Orb.
     0 | D:1      | Reached XP level 1. HP: 19/19 MP: 1/1
   200 | D:1      | Reached XP level 2. HP: 27/27 MP: 2/2
   279 | D:1      | Found Muveeluh's General Store.
   286 | D:1      | Bought a scroll of identify for 22 gold pieces
   319 | D:1      | Bought a scroll of identify for 22 gold pieces
   319 | D:1      | Bought a scroll of identify for 22 gold pieces
   860 | D:2      | Found a faded altar of an unknown god.
   883 | D:2      | Reached ** piety under Trog
   928 | D:2      | Reached XP level 3. HP: 33/33 MP: 3/3
   962 | D:2      | Found Womp's Armour Emporium.
   993 | D:2      | Bought a +0 pair of gloves for 49 gold pieces
  1090 | D:2      | Found a blossoming altar of Fedhas.
  1770 | D:3      | Noticed Jessica
  1779 | D:3      | Found a shimmering blue altar of Sif Muna.
  1810 | D:3      | Killed Jessica
  1811 | D:3      | Reached skill level 1 in Stealth
  1811 | D:3      | Reached XP level 4. HP: 35/40 MP: 4/4
  2024 | D:3      | Found Conot's Antique Armour Boutique.
  2144 | D:3      | Reached skill level 4 in Axes
  2269 | D:3      | Found a radiant altar of Vehumet.
  2269 | D:3      | Noticed a frost-covered statue
  2747 | D:4      | Reached XP level 5. HP: 47/47 MP: 5/5
  2791 | D:4      | Found Rumocaul's Weapon Shoppe.
  2799 | D:4      | Bought a +0 war axe for 45 gold pieces
  2916 | D:4      | Reached XP level 6. HP: 39/53 MP: 6/6
  3042 | D:4      | Found Visa's Antique Weapon Boutique.
  3182 | D:4      | Reached *** piety under Trog
  3183 | D:4      | Reached skill level 5 in Axes
  3330 | D:4      | Found Ycaho's Jewellery Shop.
  3422 | D:5      | Entered Level 5 of the Dungeon
  3422 | D:5      | Found an ornate altar of the Wu Jian Council.
  3424 | D:5      | Found a white marble altar of Elyvilon.
  3426 | D:5      | Found a stormy altar of Qazlal.
  3639 | D:5      | Your scales start taking on a golden yellow colour.
  3639 | D:5      | Reached XP level 7. HP: 8/60 MP: 7/7
  3639 | D:5      | Gained mutation: You are resistant to acid. (rCorr) [Yellow
                  | Draconian growth]
  3875 | D:6      | Noticed a steam dragon
  3879 | D:6      | Killed a steam dragon
  3880 | D:6      | Reached skill level 5 in Fighting
  3880 | D:6      | Reached skill level 6 in Axes
  4167 | D:6      | Noticed a kobold demonologist
  4171 | D:6      | Noticed a hellwing
  4176 | D:6      | Killed a kobold demonologist
  4177 | D:6      | Reached skill level 7 in Axes
  4177 | D:6      | Reached skill level 5 in Dodging
  4177 | D:6      | Reached XP level 8. HP: 69/69 MP: 8/8
  4430 | D:7      | Found a staircase to the Ecumenical Temple.
  4470 | D:7      | Reached skill level 8 in Axes
  4719 | D:7      | Noticed Jeremiah
  4729 | D:7      | Killed Jeremiah
  4730 | D:7      | Reached skill level 9 in Axes
  4791 | D:7      | Reached XP level 9. HP: 78/78 MP: 9/9
  4793 | D:7      | Reached **** piety under Trog
  4906 | D:7      | Noticed Pikel
  4918 | D:7      | Noticed Joseph
  4924 | D:7      | Killed Pikel
  4939 | D:7      | Killed Joseph
  4949 | D:7      | Reached skill level 10 in Axes
  4949 | D:7      | Reached skill level 1 in Unarmed Combat
  5059 | D:7      | Found Vampuq's Magic Scroll Shoppe.
  5067 | D:7      | Bought a scroll of enchant armour for 97 gold pieces
  5067 | D:7      | Bought a scroll of enchant armour for 97 gold pieces
  5067 | D:7      | Bought a scroll of identify for 26 gold pieces
  5067 | D:7      | Bought a scroll of identify for 26 gold pieces
  5434 | D:8      | Found a flagged portal.
  5560 | Bailey   | Entered a bailey
  5890 | Bailey   | Acquired the +11 plutonium sword {Contam Stlth-}
  5890 | Bailey   | Found the +11 plutonium sword {Contam Stlth-}
  5891 | Bailey   | Noticed a kobold demonologist
  5894 | Bailey   | Noticed an ice devil
  5898 | Bailey   | Slain by an ice devil

Illustrated notes

Levels and vault maps discovered:
D:1:      psy_arrival_conway, layout_loops_ring, serial_shops, shop
D:2:      layout_basic, basic_altar, basic_ecumenical_altar, serial_shops,
          nicolae_shop_just_a_little_nook, mrwooster_statue_mirror
D:3:      layout_basic, tgw_sif, vehumet_statue, serial_shops, shop_fountains,
          st_stairs_9
D:4:      layout_rooms, serial_undead, serial_undead_c, serial_undead_a,
          serial_undead_b, serial_undead_c, serial_shops, nicolae_shop_crystal,
          shop, shop_fountains
D:5:      layout_loops_ring, grunt_temple_overflow_open, patterned_corridor,
          uniq_blork_the_orc
D:6:      layout_basic, minmay_crystal_room, uniq_crazy_yiuf_cottage
D:7:      layout_loops_ring, minmay_temple_entry_ruins, serial_shops, shop,
          lemuel_flamethrower_2, uniq_pikel, uniq_jeremiah, uniq_joseph
D:8:      layout_loops_ring, enter_bailey_1
Bailey:   bailey_axe_of_yendor_kennysheep, bailey

Skill      XL: |  1  2  3  4  5  6  7  8  9 |
---------------+----------------------------+-----
Dodging        | 3 4 5 6 |  6.5
Fighting       | 4 5 6 7 |  7.3
Stealth        | 1 2 3 4 |  4.0
Axes           | 4 5 7 9 10 | 10.6
Unarmed Combat | 1 |  1.5

Action                     |  1- 3 |  4- 6 |  7- 9 || total
---------------------------+-------+-------+-------++-------
  Melee: Hand axe          |   114 |    69 |       ||   183
         Tailslap          |     9 |    11 |    25 ||    45
         Punch             |     1 |     1 |     1 ||     3
         War axe           |       |    58 |   178 ||   236
         Unarmed           |       |       |    10 ||    10
         Battleaxe         |       |       |     4 ||     4
 Invoke: Berserk           |       |     2 |     9 ||    11
         Trog's Hand       |       |       |     1 ||     1
Ability: Breathe Acid      |       |       |     6 ||     6
    Use: Scroll            |     3 |     6 |     9 ||    18
         Potion            |       |       |     4 ||     4
   Stab: Sleeping          |     2 |     2 |     4 ||     8
         Confused          |       |       |     2 ||     2
 Armour: Skin              |    64 |    86 |   154 ||   304
  Dodge: Dodged            |    88 |    87 |   154 ||   329

Table legend: (Time is in decaauts)
 A = Elapsed time spent in this place.
 B = Non-inter-level travel time spent in this place.
 C = Inter-level travel time spent in this place.
 D = Time resting spent in this place.
 E = Time spent auto-exploring this place.
 F = Levels seen in this place.
 G = Mean time per level.
                   A        B        C        D        E       F      G
               +--------+--------+--------+--------+--------+-----+--------+
         Total |   6025 |   5868 |    157 |      0 |   3748 |   9 |  669.4 |
       Dungeon |   5677 |   5520 |    157 |      0 |   3526 |   8 |  709.6 |
        Bailey |    347 |    347 |      0 |      0 |    222 |   1 |  347.0 |
               +--------+--------+--------+--------+--------+-----+--------+

Top non-repeatable levels by time:
     D:7: 983 daAuts
     D:3: 983 daAuts
     D:2: 911 daAuts
     D:1: 870 daAuts
     D:4: 716 daAuts
     D:6: 570 daAuts
     D:5: 460 daAuts
  Bailey: 347 daAuts
     D:8: 181 daAuts
